Match 42748391
Unlisted

Match 42748391
End
Kradschützen Motorcycle Team
Selects Panzerjäger Kommand Battlegroup
Selects Mine Fields
Panzergrenadier Squad
Panzergrenadier Squad
Panzergrenadier Squad
Construct Light Support Kompanie
2.5-tonne Medical Truck
Fire Support Elements
Selects Defensive Positions
Flakvierling Half-track
Panzerjäger Mechanized Group
Veteran Squad Leaders
Vehicle Survival Package
AI-Crazy
Kayaking Koala
0
0

Comments sign in to comment!

No comments posted yet!